 Dungeon Sprint DCSS version 0.19.1 (webtiles) character file.

647 KingBobo974 the Blocker (level 7, -16/69 HPs)
             Began as a Deep Dwarf Fighter on Dec 10, 2016.
             Was an Initiate of Okawaru.
             Shot with an arrow by a centaur warrior (22 damage)
             ... in the Dungeon (Sprint I: "Red Sonja").
             The game lasted 00:06:43 (237 turns).

KingBobo974 the Blocker (Deep Dwarf Fighter)         Turns: 237, Time: 00:06:43

Health: -16/69     AC:  9    Str: 21    XL:     7   Next: 27%
Magic:  7/7        EV:  8    Int:  9    God:    Okawaru [......]
Gold:   118        SH: 12    Dex: 12    Spells: 0 memorised, 6 levels left

rFire  . . .     SeeInvis .     a - +2 war axe
rCold  . . .     Gourm    .     b - +1 scale mail
rNeg   . . .     Faith    .     c - +0 shield
rPois  .         Spirit   .     (no helmet)
rElec  .         Reflect  .     (no cloak)
rCorr  .         Harm     .     (no gloves)
MR     +....     NoTele   +     (no boots)
Stlth  ..........               (no amulet)
                                (no ring)
                                (no ring)

@: very slightly contaminated, non-regenerating, hasted, very quick
A: damage resistance, recharge devices, sense surroundings 1, slow regeneration
3
a: Device Recharging, Renounce Religion


You were in the Dungeon.
You worshipped Okawaru.
Okawaru was noncommittal.
You were not hungry.

You visited 1 branch You collected 418 gold pieces.
You spent 300 gold pieces at shops.

Inventory:

Hand Weapons
 a - a +2 war axe (weapon)
 k - a +2 scythe of flaming
Armour
 b - a +1 scale mail (worn)
 c - a +0 shield (worn)
Wands
 e - a wand of heal wounds (0/9)
Scrolls
 l - a scroll of blinking
Potions
 d - a potion of might
 g - a potion of curing
 h - a potion of heal wounds
 j - 3 potions of magic
Comestibles
 f - a bread ration


   Skills:
 + Level 6.1 Fighting
 * Level 9.5 Axes
 * Level 9.8 Armour
 * Level 10.0 Shields


You had 6 spell levels left.
You didn't know any spells.

Dungeon Overview and Level Annotations

Branches:
Dungeon (1/1)

Altars:
Cheibriados
Dithmenos
Elyvilon
Fedhas
Gozag
Hepliaklqana
Kikubaaqudgha
Makhleb
Nemelex Xobeh
Okawaru
Qazlal
Ru
Sif Muna
Trog
Uskayaw
Vehumet
Xom
Yredelemnul
Zin
The Shining One
Jiyva
Lugonu

Shops:
D ?


Innate Abilities, Weirdness & Mutations

You are resistant to damage.
You can recharge devices by infusing magical energy.
You passively map a small area around you.
You do not regenerate.


Message History

You are too injured to fight recklessly!
You hit the centaur warrior.
The centaur warrior is lightly wounded.
Your shield and scale mail prevent you from hitting the centaur warrior.
The centaur warrior misses you. The centaur warrior hits you!
* * * LOW HITPOINT WARNING * * *
You hit the centaur warrior.
The centaur warrior is lightly wounded.
You slash the centaur warrior!
The centaur warrior completely misses you.
The centaur warrior hits you but does no damage.
You slash the centaur warrior!
The centaur warrior is moderately wounded.
You closely miss the centaur warrior. You block the centaur warrior's attack.
The centaur warrior hits you!
* * * LOW HITPOINT WARNING * * *
The hornet buzzes angrily.
The centaur warrior wields an uncursed shortbow.
The centaur warrior shoots an arrow.
The arrow hits you!!
You die...

#####################*
<.#..)..#..'..#__#..+ ,
..').#..'[.#..'..'..# *
..#####'#####'#__#### ,
,*
..####..#...#)####§§#*##
,
..#__####..##)#§§§§§#$$#
..#_____##'#..§§§≈c§'.y#
⌠⌠#_.∩...†..._#§@≈c§# ,
###_..__##_.#'##+####* *
,#_____###+#.#, *, , ,
**####### * ### * , * ,
,, ,+ ,,,, , + + * ,* *
+ * * ,,, , , , , ,


You could see 2 centaur warriors and a hornet.

Vanquished Creatures
  A slime creature (D)
  Sigmund (D)
  A yak (D)
  An ogre (D)
  A jelly (D)
  Ijyb (D)
6 creatures vanquished.

Notes
Turn   | Place    | Note
-------+----------+-------------------------------------------
     0 | D        | KingBobo974 the Deep Dwarf Fighter began the quest for the Orb.
     0 | D        | Reached XP level 1. HP: 20/20 MP: 1/1
     2 | D        | Noticed Ijyb
    12 | D        | Killed Ijyb
    12 | D        | Reached skill level 4 in Shields
    12 | D        | Reached XP level 2. HP: 28/28 MP: 2/2
    15 | D        | Noticed an ogre
    21 | D        | Killed an ogre
    21 | D        | Reached skill level 5 in Axes
    21 | D        | Reached skill level 6 in Shields
    21 | D        | Reached XP level 3. HP: 36/36 MP: 3/3
    21 | D        | Reached XP level 4. HP: 44/44 MP: 4/4
    54 | D        | Noticed Sigmund
    62 | D        | Killed Sigmund
    62 | D        | Reached skill level 5 in Fighting
    62 | D        | Reached skill level 8 in Shields
    62 | D        | Reached XP level 5. HP: 28/52 MP: 5/5
    62 | D        | Reached XP level 6. HP: 33/61 MP: 6/6
    78 | D        | Found a deep blue altar of Sif Muna.
    81 | D        | Found a radiant altar of Vehumet.
    91 | D        | Found Kesuewif's Magic Scroll Emporium.
    91 | D        | Found an ancient bone altar of Kikubaaqudgha.
    91 | D        | Found a hazy altar of Hepliaklqana.
    91 | D        | Found a stormy altar of Qazlal.
    91 | D        | Found a hide-covered altar of Uskayaw.
    91 | D        | Found a blossoming altar of Fedhas.
    91 | D        | Found a bloodstained altar of Trog.
    91 | D        | Found an iron altar of Okawaru.
    91 | D        | Found a basalt altar of Yredelemnul.
    91 | D        | Found a glowing golden altar of the Shining One.
    91 | D        | Found a snail-covered altar of Cheibriados.
    91 | D        | Found a sacrificial altar of Ru.
    91 | D        | Found a glowing silver altar of Zin.
    91 | D        | Found a shadowy altar of Dithmenos.
    91 | D        | Found a white marble altar of Elyvilon.
    91 | D        | Noticed a yak
   105 | D        | Killed a yak
   105 | D        | Reached skill level 9 in Shields
   107 | D        | Found an opulent altar of Gozag.
   124 | D        | Found a sparkling altar of Nemelex Xobeh.
   130 | D        | Became a worshipper of Warmaster Okawaru
   132 | D        | Bought a scroll of enchant armour for 75 gold pieces
   132 | D        | Bought a scroll of holy word for 75 gold pieces
   132 | D        | Bought a scroll of enchant weapon for 75 gold pieces
   152 | D        | Noticed a centaur warrior
   156 | D        | Noticed a centaur warrior
   159 | D        | Found a burning altar of Makhleb.
   159 | D        | Found a viscous altar of Jiyva.
   159 | D        | Found a shimmering altar of Xom.
   159 | D        | Found a corrupted altar of Lugonu.
   159 | D        | Noticed a slime creature
   175 | D        | Killed a slime creature
   175 | D        | Reached skill level 10 in Shields
   175 | D        | Reached XP level 7. HP: 37/69 MP: 7/7
   209 | D        | Bought a scroll of enchant weapon for 75 gold pieces
   224 | D        | Noticed a hornet
   237 | D        | Shot with an arrow by a centaur warrior

Skill      XL: |  1  2  3  4  5  6 |
---------------+-------------------+-----
Fighting       | 3 4 5 6 |  6.1
Axes           | 4 5 7 9 |  9.5
Armour         | 4 6 7 9 |  9.8
Shields        | 4 6 8 10 | 10.0

Action                   |  1- 3 |  4- 6 |  7- 9 || total
-------------------------+-------+-------+-------++-------
Melee: War axe           |    14 |    38 |    10 ||    62
Evoke: Wand              |       |     3 |     2 ||     5
  Use: Potion            |     1 |       |     1 ||     2
       Scroll            |       |     3 |     1 ||     4
Armor: Scale mail        |     3 |     6 |     7 ||    16
Dodge: Dodged            |     4 |     7 |     8 ||    19
Block: Shield            |     3 |    13 |     6 ||    22
